 Dungeon Crawl Stone Soup version 0.31.0-11-ge490571c62 (webtiles) character file.

Game seed: 63197396692926015

2771 Gadfly the Insei (level 9, -3/63 (65) HPs)
             Began as a Demonspawn Monk on Feb 2, 2024.
             Was an Initiate of Ru.
             Slain by a wight
             ... wielding a +5 great sword
              (6 damage)
             ... on level 7 of the Dungeon.
             The game lasted 00:11:48 (7177 turns).

Gadfly the Insei (Demonspawn Monk)                  Turns: 7177, Time: 00:11:48

HP:   -3/63 (65)    AC:  5    Str: 16    XL:     9   Next: 42%
MP:   9/9           EV: 21    Int: 10    God:    Ru [......]
Gold: 389           SH:  4    Dex: 22    Spells: 6/8 levels left

rFire   . .          .
                       - Unarmed
rCold   . . .        c - orb {light}
rNeg    . . .        a - +1 robe
rPois   .            (no helmet)
rElec   .            (no cloak)
rCorr   .            o - +0 pair of gloves
SInv    .            e - +0 pair of boots
Will    .....        (no amulet)
Stlth   +            w - +6 ring of dexterity
HPRegen 0.30/turn    i - +5 ring of evasion
MPRegen 0.11/turn

%: no passive effects
@: glowing, lightly drained
A: claws 1, spiny 1, condensation shield
a: Renounce Religion


You were on level 7 of the Dungeon.
You worshipped Ru.
Ru was noncommittal.
You visited 2 branches of the dungeon, and saw 8 of its levels.
You also visited: Sewer.

You collected 389 gold pieces.

Inventory:

Hand Weapons
 b - a +2 dagger of venom
 h - a +2 hand axe of freezing
Armour
 a - a +1 robe (worn)
 c - an orb of light (worn)
 e - a +0 pair of boots (worn)
 f - a scarf of harm
 o - a +0 pair of gloves (worn)
Jewellery
 i - a +5 ring of evasion (right hand)
 n - a ring of ice
 w - a +6 ring of dexterity (left hand)
Wands
 j - a wand of digging (6)
Scrolls
 l - 2 scrolls of teleportation
 m - 2 scrolls of blinking
 s - 2 scrolls of enchant weapon
 v - a scroll of vulnerability
Potions
 d - a potion of attraction
 g - a potion of lignification
 k - a potion of enlightenment
 p - 2 potions of might
 q - 2 potions of haste
 r - 2 potions of heal wounds
 u - a potion of curing
 z - a potion of degeneration {unknown}


   Skills:
 * Level 3.9 Fighting
 * Level 5.4 Dodging
 * Level 6.9 Unarmed Combat
 - Level 6.2 Evocations
 * Level 5.5 Shapeshifting


You had 6 spell levels left.
You knew the following spells:

 Your Spells              Type           Power      Damage    Failure   Level
a - Blink                 Tloc           0%         N/A       50%         2

Your spell library contained the following spells:

 Spells                   Type           Power      Damage    Failure   Level
 Magic Dart               Conj           0%         1d3       36%         1
 Sting                    Conj/Alch      0%         1d3       36%         1
 Call Imp                 Summ           0%         N/A       50%         2
 Hailstorm                Conj/Ice       0%         3d5       75%         3
 Manifold Assault         Tloc           0%         N/A       98%         4
 Summon Forest            Summ/Tloc      0%         N/A       100%        5


Dungeon Overview and Level Annotations

Branches:
Dungeon (7/15)             Temple (1/1) D:5           Sewer (visited)

Altars:
Cheibriados
Dithmenos
Fedhas
Gozag
Hepliaklqana
Kikubaaqudgha
Nemelex Xobeh
Qazlal
Ru
Sif Muna
Trog
Vehumet
Wu Jian


Innate Abilities, Weirdness & Mutations

You have sharp fingernails.
You are partially covered in sharp spines.
A meltable shield of frost defends you. (SH +4)


Message History

You hit the black bear.
The black bear is lightly wounded.
You hit the black bear.
The black bear is moderately wounded.
The black bear misses you. The black bear barely misses you.
The black bear claws you but does no damage.
You hit the black bear.
The black bear is heavily wounded.
The black bear is struck by your spines.
The black bear completely misses you. x2; The black bear misses you.
You hit the black bear.
The black bear is severely wounded.
The black bear is struck by your spines.
The black bear bites you. The black bear barely misses you.
The black bear closely misses you.
You punch the black bear!
You kill the black bear!
The wight completely misses you.
You feel your dexterity returning.
Your life force feels restored.
You hit the wight.
The wight is moderately damaged.
The wight is struck by your spines. The wight misses you.
The wight barely misses you.
You hit the wight.
The wight is heavily damaged.
The wight barely misses you.
The wight hits you from afar with a +3 halberd!
You are too injured to fight recklessly!
You are too injured to fight recklessly!
You are too injured to fight recklessly!
You are too injured to fight recklessly!
You are too injured to fight recklessly!
You hit the wight but do no damage.
The wight is heavily damaged.
The wight is struck by your spines. The wight misses you.
The wight attacks as it pursues you!
The wight hits you with a +5 great sword!!
* * * LOW HITPOINT WARNING * * *
You feel drained.
You die...

###########
#..z......#
#.#######.#
#.# ####.#
### #.#
#z...# #..
#.# #.#
#.#### #.#
#.# #.# #z#
..#.#.# #z#
#@#
#.#.#.#####.#
###
#.#.........#
#.###.#######
#.#.....#
#.#.#.#.#
#z....#.#
z.....# #
#####.#


You could see 2 wights.

Vanquished Creatures
  Eustachio (D:4)
  An orc warrior (D:6)
  An ice beast (D:5)
  A sky beast (D:6)
  A black bear (D:7)
  4 ogres
  A centaur (D:4)
  3 phantoms
  A kobold brigand (D:6)
  2 brain worms (Sewer)
  A bullfrog (D:6)
  A scorpion (D:5)
  6 killer bees (D:4)
  A howler monkey (D:4)
  2 quasits
  A jelly (D:4)
  4 orc priests
  A hound (D:6)
  Ijyb (D:3)
  A gnoll bouda (D:5)
  2 iguanas
  A sleepcap (D:5)
  A statue (D:3)
  19 gnolls
  14 adders
  4 river rats (Sewer)
  A shadow imp (D:4)
  6 white imps
  5 ufetubi
  7 dart slugs
  A ribbon worm (D:3)
  18 orcs
  3 endoplasms
  6 giant cockroaches
  5 goblins
  4 hobgoblins
  5 jackals
  3 quokkas
  17 ball pythons
  A bat (D:1)
  2 frilled lizards (Sewer)
  11 kobolds
  3 rats
174 creatures vanquished.

Vanquished Creatures (others)
  A centaur (D:6)
1 creature vanquished.

Grand Total: 175 creatures vanquished

Notes
Turn   | Place    | Note
-------+----------+-------------------------------------------
     0 | D:1      | Gadfly the Demonspawn Monk began the quest for the Orb.
     0 | D:1      | Reached XP level 1. HP: 18/18 MP: 1/1
   148 | D:1      | Gained mutation: A meltable shield of frost defends you.
                  | (SH +4) [demonic ancestry]
   148 | D:1      | Reached XP level 2. HP: 15/24 MP: 2/2
   348 | D:1      | Reached skill level 1 in Evocations
   466 | D:1      | Reached skill level 1 in Shapeshifting
   877 | D:2      | Reached XP level 3. HP: 23/29 MP: 3/3
  1947 | D:3      | Reached XP level 4. HP: 24/35 MP: 4/4
  2040 | D:3      | Learned a level 2 spell: Blink
  2346 | D:3      | Found a faded altar of an unknown god.
  2379 | D:3      | Noticed Ijyb
  2395 | D:3      | Killed Ijyb
  2396 | D:3      | Gained mutation: You are partially covered in sharp spines.
                  | [demonic ancestry]
  2396 | D:3      | Reached XP level 5. HP: 39/41 MP: 5/5
  2519 | D:3      | Found a radiant altar of Vehumet.
  2519 | D:3      | Noticed a frost-covered statue
  2529 | D:3      | Killed a frost-covered statue
  2766 | D:4      | Noticed a phantom
  2767 | D:4      | HP: 1/61 [killer bee (3)]
  2775 | D:4      | Reached XP level 6. HP: 30/47 MP: 6/6
  2792 | D:4      | HP: 2/70 [killer bee (2)]
  2804 | D:4      | Gained mutation: You have sharp fingernails. [demonic
                  | ancestry]
  2804 | D:4      | Reached XP level 7. HP: 11/52 MP: 7/7
  2997 | D:4      | Noticed Eustachio
  3018 | D:4      | Killed Eustachio
  3102 | D:4      | Reached skill level 5 in Unarmed Combat
  3185 | D:4      | Reached XP level 8. HP: 23/58 MP: 8/8
  3477 | D:4      | Got the Tome of Elliptic Battling
  3686 | D:5      | Entered Level 5 of the Dungeon
  3877 | D:5      | Reached skill level 5 in Evocations
  4067 | D:5      | Found a glowing drain.
  4083 | Sewer    | Entered a sewer
  5120 | D:5      | Found a shimmering blue altar of Sif Muna.
  5156 | D:5      | Found a staircase to the Ecumenical Temple.
  5162 | Temple   | Entered the Ecumenical Temple
  5169 | Temple   | Became a worshipper of Ru the Awakened
  5640 | D:6      | Reached skill level 5 in Shapeshifting
  5823 | D:5      | Reached XP level 9. HP: 45/63 MP: 9/9
  6128 | D:6      | Reached skill level 5 in Dodging
  7177 | D:7      | HP: 3/65 [wight/+5 great sword (20)]
  7177 | D:7      | Slain by a wight

Illustrated notes

Levels and vault maps discovered:
D:1:      dpeg_arrival_brainrot, layout_basic, serial_bayou_lagoon_b
D:2:      layout_basic, ebering_dispersal_statue_hall
D:3:      layout_rooms, vehumet_statue,
          shapermc_ecumenical_altar_mp_ritualfount, minmay_misc_feat_room,
          uniq_ijyb
D:4:      layout_rooms, chequers_serial_rivers_micro_c,
          minmay_stone_trees_small, minmay_circle_x, uniq_eustachio
D:5:      layout_gridville, mainiacjoe_overflow_paths,
          minmay_temple_entry_enclosed_plants, portal_sewer_entry_f,
          minmay_misc_feat_hallway
D:6:      layout_basic, serial_demonic, serial_demonic_e, serial_demonic_b,
          serial_demonic_a, serial_demonic_g, serial_demonic_c,
          serial_demonic_c, serial_demonic_a
D:7:      layout_basic, kennysheep_ying_yang, lemuel_coloured_pillars_altar,
          ebering_ghost_reflecting_pool, grunt_ministairs_10,
          kennysheep_pointless_box, eino_tiny_chamber, nrook_mini_vaults
Temple:   nicolae_temple_no_exploring_needed

Skill      XL: |  1  2  3  4  5  6  7  8  9 |
---------------+----------------------------+-----
Unarmed Combat | 3 4 5 6 |  6.9
Evocations     | 1 2 3 4 6 |  6.2
Shapeshifting  | 1 2 3 5 |  5.5
Dodging        | 3 4 5 |  5.4
Fighting       | |  3.9

Action                     |  1- 3 |  4- 6 |  7- 9 || total
---------------------------+-------+-------+-------++-------
  Melee: Dagger            |    11 |       |   288 ||   299
         Unarmed           |    10 |     3 |    24 ||    37
         Hand axe          |    47 |    74 |    34 ||   155
 Invoke: Reject Sacrifices |       |       |     1 ||     1
  Evoke: Wand              |       |     3 |       ||     3
    Use: Scroll            |     9 |     1 |     6 ||    16
         Potion            |     1 |     9 |     1 ||    11
 Armour: Robe              |    27 |    36 |   155 ||   218
         Skin              |       |    79 |       ||    79
  Dodge: Dodged            |    44 |    67 |   388 ||   499
